 Dungeon Crawl Stone Soup version 0.21-a0-186-g02e8684 (webtiles) character file.

172 tehllama the Insei (level 5, -3/33 HPs)
             Began as an Octopode Transmuter on Aug 13, 2017.
             Slain by an orc wizard
             ... wielding a +2 dagger of electrocution
              (13 damage)
             ... on level 3 of the Dungeon.
             The game lasted 00:04:01 (3013 turns).

tehllama the Insei (Octopode Transmuter)            Turns: 3013, Time: 00:04:02

Health: -3/33      AC:  1    Str: 10    XL:     5   Next: 52%
Magic:  2/8        EV: 13    Int: 16    God:
Gold:   168        SH:  0    Dex: 12    Spells: 2/8 levels left

rFire    . . .     SeeInvis .     - Unarmed
rCold    . . .     Gourm    .   (no shield)
rNeg     . . .     Faith    .   (helmet restricted)
rPois    .         Spirit   .   j - amulet of rage
rElec    .         Reflect  .   (no ring)
rCorr    .         Harm     .   (no ring)
MR       .....                  (no ring)
Stlth    +++.......             (no ring)
HPRegen  0.11/turn              (no ring)
MPRegen  0.11/turn              (no ring)
                                (no ring)
                                (no ring)

@: very slightly contaminated
A: almost no armour, stealthy swim, amphibious, 8 rings, constrict 8, camouflage
1, gelatinous body 1
a: Evoke Berserk Rage


You were on level 3 of the Dungeon.
You were not hungry.

You visited 1 branch of the dungeon, and saw 3 of its levels.

You collected 168 gold pieces.

Inventory:

Missiles
 a - 34 arrows
 f - 3 tomahawks (quivered)
Jewellery
 j - an amulet of rage (around mantle)
Scrolls
 d - 2 scrolls of fear {unknown}
 e - 2 scrolls of teleportation {unknown}
 g - a scroll of blinking {unknown}
 h - a scroll of remove curse {unknown}
 k - 2 scrolls of recharging {unknown}
 o - a scroll of random uselessness {unknown}
 q - a scroll of identify {unknown}
 r - a scroll of enchant weapon {unknown}
Potions
 l - a potion of berserk rage {unknown}
 m - a potion of lignification {unknown}
 n - a potion of agility {unknown}
 p - a potion of might {unknown}
 u - a potion of curing {unknown}
Books
 b - a book of Changes

   Spells                             Type                      Level
   a - Beastly Appendage              Transmutation                1
   b - Sticks to Snakes               Transmutation                2
   c - Spider Form                    Transmutation/Poison         3
   d - Ice Form                       Ice/Transmutation            4
   e - Blade Hands                    Transmutation                5
Comestibles
 c - a bread ration
 i - a fruit
 s - 2 chunks of flesh
 t - 2 royal jellies


   Skills:
 - Level 1.0 Fighting
 - Level 2.0 Dodging
 + Level 4.2 Stealth
 + Level 5.1 Unarmed Combat
 - Level 2.0 Spellcasting
 - Level 2.0 Transmutations


You had 2 spell levels left.
You knew the following spells:

 Your Spells              Type           Power        Failure   Level  Hunger
a - Beastly Appendage     Tmut           #.....       9%          1    #......
b - Sticks to Snakes      Tmut           #.......     14%         2    ###....
c - Spider Form           Tmut/Pois      #.........   38%         3    ###....


Dungeon Overview and Level Annotations

Branches:
Dungeon (3/15)

Altars:
Sif Muna

Annotations:
D:3 Sigmund


Innate Abilities, Weirdness & Mutations

You cannot wear most types of armour.
You are very stealthy in the water. (Stealth+)
You are amphibious.
You can wear up to eight rings at the same time.
You can use your tentacles to constrict eight enemies at once.
Your skin changes colour to match your surroundings (Stealth+).
Your rubbery body absorbs attacks. (AC +1, EV +1)


Message History

Your tentacle spike disappears.
The orc wizard misses you. Something barely misses you.
You barely miss the orc wizard. Your grab misses the orc wizard.
Your squeeze misses the orc wizard.
The orc wizard is severely wounded.
The orc wizard misses you.
You closely miss the orc wizard. Your grab misses the orc wizard.
You squeeze the orc wizard.
You kill the orc wizard!
Your Stealth skill increases to level 4!
Something hits you but does no damage.
You hear some strange, mumbled words.
Something tries to affect you, but you resist.
Things that are here:
a dagger; a robe; an orc corpse You tentacle-slap something.
Your squeeze misses something. Something hits you.
Your ball python closely misses something.
You miss something.
Your ball python misses something.
Something hits you!
You are electrocuted!
You die...

..#############..#######
..'.....................
..##############.#######
.รท# #.# ..# #.# ..#
#.## ### #.S# ########S#
.......@{# .........#
..........# ###
..........# ..#
#########.. ..# #.# ..#
(. ..# #.o ..#


You could see an orc (wandering) and 2 friendly ball pythons.

Vanquished Creatures
  An orc wizard (D:3)
  6 adders
  2 worms (D:2)
  2 dart slugs (D:2)
  3 orcs
  A ball python (D:3)
  7 bats
  4 giant cockroaches
  5 goblins
  14 hobgoblins
  8 jackals
  6 kobolds
  A quokka (D:2)
  5 frilled lizards
  8 rats
73 creatures vanquished.

Notes
Turn   | Place    | Note
-------+----------+-------------------------------------------
     0 | D:1      | tehllama the Octopode Transmuter began the quest for the Orb.
     0 | D:1      | Reached XP level 1. HP: 13/13 MP: 3/3
   114 | D:1      | Reached XP level 2. HP: 11/18 MP: 5/5
   504 | D:1      | Reached skill level 4 in Unarmed Combat
   554 | D:1      | Reached XP level 3. HP: 19/23 MP: 6/6
   950 | D:2      | Reached skill level 1 in Stealth
  1418 | D:2      | Found a faded altar of an unknown god.
  1515 | D:2      | Reached XP level 4. HP: 28/28 MP: 7/7
  1799 | D:2      | Found a deep blue altar of Sif Muna.
  2521 | D:3      | Reached XP level 5. HP: 28/33 MP: 6/8
  2937 | D:3      | Noticed Sigmund
  2956 | D:3      | Learned a level 2 spell: Sticks to Snakes
  2960 | D:3      | Learned a level 3 spell: Spider Form
  3005 | D:3      | Reached skill level 5 in Unarmed Combat
  3013 | D:3      | Slain by an orc wizard

Vault maps used:
D:1:      evilmike_arrival_plus, minmay_shallow_snake_nest
D:2:      lemuel_doored_altar, chequers_ecumenical_altar_island,
          grunt_ministairs_2
D:3:      uniq_sigmund

Skill      XL: |  1  2  3  4  5 |
---------------+----------------+-----
Unarmed Combat | 4 5 |  5.1
Stealth        | 2 3 4 |  4.2
Fighting       | |  1.0
Dodging        | |  2.0
Spellcasting   | |  2.0
Transmutations | |  2.0

Action                   |  1- 3 |  4- 6 || total
-------------------------+-------+-------++-------
Melee: Unarmed           |    79 |    71 ||   150
       Constrict         |    23 |    20 ||    43
       Kick              |    15 |    11 ||    26
       Tentacles         |    11 |     9 ||    20
       Punch             |     2 |     5 ||     7
 Cast: Beastly Appendage |    16 |    17 ||    33
       Sticks to Snakes  |       |     2 ||     2
 Stab: Sleeping          |     2 |     4 ||     6
  Eat: Chunk             |     2 |     5 ||     7
Armor: Skin              |     9 |    10 ||    19
Dodge: Dodged            |    36 |    51 ||    87
